Match 41855755
Unlisted

Match 41855755
End
Kradschützen Motorcycle Team
Selects Italian Combined Arms Battlegroup
Selects Bersaglieri Squad
Bersaglieri Squad
Bersaglieri Squad
Bersaglieri Squad
Construct Light Support Kompanie
2.5-tonne Medical Truck
Bersaglieri Squad
MG34 Team
Selects Semovente da 75/18 Assault Gun
Bersaglieri Squad
Semovente da 75/18 Assault Gun
Selects Bersaglieri Bolster
2.5-tonne Medical Truck
MZMZ
Dullahan
0
0

Comments sign in to comment!

No comments posted yet!